 Dungeon Crawl Stone Soup version 0.29-a0-664-gff9cad4a3d (webtiles) character file.

Game seed: 1088198699703242768

3321 dolemite99 the Frost Mage (level 9, -10/76 HPs)
             Began as a White Draconian Transmuter on June 23, 2022.
             Was an Initiate of Gozag.
             Engulfed by a steam dragon's steam (12 damage)
             ... on level 8 of the Dungeon.
             The game lasted 00:17:20 (11344 turns).

dolemite99 the Frost Mage (DrTm)                   Turns: 11344, Time: 00:17:20

Health: -10/76     AC:  8    Str: 20    XL:     9   Next: 71%
Magic:  0/12       EV: 10    Int: 16    God:    Gozag
Gold:   227        SH:  0    Dex: 12    Spells: 2/12 levels left

rFire   x . .      SeeInvis .     - Unarmed
rCold   + + +      Faith    .   (shield currently unavailable)
rNeg    . . .      Spirit   +   (body armour unavailable)
rPois   +          Reflect  .   (helmet currently unavailable)
rElec   .          Harm     .   (cloak currently unavailable)
rCorr   .          Rampage  .   (gloves currently unavailable)
Will    .....                   (boots currently unavailable)
Stlth   +.........              u - amulet of guardian spirit
HPRegen 0.22/turn               n - +6 ring of strength {=R}
MPRegen 0.13/turn               e - ring of poison resistance

@: ice-form
A: freezing attack, amphibious, boosted hp, (breathe frost), AC +7, large,
unfitting armour, (cold resistance 1), (cold-blooded)
a: End Transformation, Renounce Religion, Potion Petition, Call Merchant, Bribe
Branch


You were on level 8 of the Dungeon.
You worshipped Gozag.
Gozag was aware of your devotion.
You were a creature of crystalline ice.
You visited 2 branches of the dungeon, and saw 9 of its levels.

You collected 1752 gold pieces.
You spent 1440 gold pieces at shops.
You paid 85 gold pieces to Gozag.

Inventory:

Hand Weapons
 z - the +8 trident of the Octopus King {venom, rElec rPois}
   (You found it on level 5 of the Dungeon)

   It poisons the flesh of those it strikes.
   rElec:     It insulates you from electricity.
   rPois:     It protects you from poison.
Missiles
 k - 14 boomerangs (quivered)
 w - 4 silver javelins
Armour
 x - a +1 hat
Magical Staves
 c - a staff of death
Jewellery
 a - a ring of protection from cold
 e - a ring of poison resistance (right front paw)
 j - a ring of protection from fire
 n - a +6 ring of strength (left front paw) {=R}
 t - the necklace of Bloodlust {*Rage Will++ Int-3 Slay+6}
   (You took it off an orc wizard on level 6 of the Dungeon)

   [amulet of nothing]

   It extends the wearer's berserk rage when killing foes.
   Int:       It affects your intelligence (-3).
   Slay:      It affects your accuracy & damage with ranged weapons and melee
   (+6).
   *Rage:     It berserks you when you make melee attacks (+50% chance).
   Will:      It greatly increases your willpower.
 u - an amulet of guardian spirit (around neck)
 C - a ring of ice
Wands
 r - a wand of iceblast (3)
Scrolls
 d - 10 scrolls of teleportation
 f - a scroll of blinking
 m - 2 scrolls of amnesia
 p - 2 scrolls of brand weapon
 v - 2 scrolls of fog
 y - 2 scrolls of noise
 B - 6 scrolls of identify {@r1}
 D - a scroll of poison
 E - a scroll of vulnerability
 F - a scroll of fear
Potions
 b - 3 potions of attraction
 g - 2 potions of might
 h - a potion of brilliance
 i - a potion of mutation
 l - 3 potions of haste
 o - a potion of invisibility {unknown}
 q - a potion of heal wounds {unknown}
 s - 2 potions of curing
 A - a potion of flight {unknown}


   Skills:
 - Level 1.1 Fighting
 - Level 1.7 Dodging
 - Level 7.6 Unarmed Combat
 - Level 2.0 Spellcasting
 + Level 7.5 Transmutations
 + Level 11.2 Ice Magic


You had 2 spell levels left.
You knew the following spells:

 Your Spells              Type           Power      Damage    Failure   Level
a - Ice Form              Ice/Tmut       31%        N/A       4%          4
b - Spider Form           Tmut/Pois      13%        N/A       13%         3
c - Wereblood             Tmut           25%        N/A       1%          2
d - Beastly Appendage     Tmut           50%        N/A       1%          1

Your spell library contained the following spells:

 Spells                   Type           Power      Damage    Failure   Level
 Magic Dart               Conj           4%         1d3       21%         1
 Searing Ray              Conj           2%         2d4       30%         2
 Ozocubu's Armour         Ice            37%        N/A       1%          3
 Dazzling Flash           Conj/Hex       2%         N/A       52%         3
 Ozocubu's Refrigeration  Ice            18%        4d8       87%         7
 Fulminant Prism          Conj/Hex       0%         3d6       90%         4
 Iskenderun's Mystic Bla  Conj/Tloc      1%         2d3       90%         4
 Starburst                Conj/Fire      0%         6d3       100%        6


Dungeon Overview and Level Annotations

Branches:
Dungeon (8/15)             Temple (1/1) D:6
   Lair: D:8-11

Altars:
Ashenzari
Cheibriados
Dithmenos
Elyvilon
Fedhas
Gozag
Hepliaklqana
Kikubaaqudgha
Makhleb
Nemelex Xobeh
Qazlal
Ru
Trog
Uskayaw
Vehumet
Wu Jian
Xom
Yredelemnul
Zin
The Shining One

Shops:
D:2 =   D:3 *   D:7 ?   D:8 :


Innate Abilities, Weirdness & Mutations

You are a creature of crystalline ice.
You have a powerful freezing melee attack.
You are amphibious.
Your maximum health is increased.
Your armour is entirely melded.
You are incapable of wielding weapons or throwing items.
((You can breathe waves of freezing cold which knock back foes.))
((Your icy white scales are hard. (AC +7)))
You cannot fit into any form of body armour.
((Your flesh is cold resistant. (rC+)))
((You are cold-blooded and may be slowed by cold attacks.))


Message History

The hornet is severely wounded.
The hornet closely misses you.
You pummel the hornet!! You freeze the hornet.
You kill the hornet!
Your Ice Magic skill increases to level 11!
You now have 213 gold pieces (gained 7).
There is an entrance to Iceuw's Book Emporium here.
You start resting.
Your transformation is almost over.
You warm up again.
Magic restored.
You start resting.
HP restored.
Unknown command.
Found a glowing hand axe.
You see here a +0 hand axe of flaming.
You now have 227 gold pieces (gained 14).
You see here a +0 hand axe of flaming.
A steam dragon comes into view.
Casting: Ice Form (dangerous; 4% risk of failure)
Confirm with . or Enter, or press ? or * to list all spells.
You turn into a creature of crystalline ice.
The steam dragon hisses angrily.
The steam dragon breathes steam at you. The ball of steam hits you!!!
The steam scalds you terribly!
You are engulfed in a cloud of scalding steam.
The steam dragon breathes steam at you. The ball of steam hits you!!
The steam scalds you terribly!
* * * LOW HITPOINT WARNING * * *
You are engulfed in a cloud of scalding steam.
The steam dragon completely misses you.
The steam dragon claws you but does no damage.
You pummel the steam dragon!! You freeze the steam dragon!
The steam dragon is almost dead.
You are engulfed in a cloud of scalding steam.
* * * LOW HITPOINT WARNING * * *
You barely miss the steam dragon.
The steam dragon is almost dead.
You are engulfed in a cloud of scalding steam.
You die...
Your body crumbles into a pile of gold.

$ ###########
..........#.#######
#########.#....DY.#
#.#######ยง# #.#
#.# #.# #.# #.# #.#
#.# #.# #.#######.#
#.........#
#########)#


You could see a steam dragon (catching breath).

Vanquished Creatures
  A two-headed ogre (D:8)
  A hornet (D:8)
  Sigmund (D:2)
  A wyvern (D:8)
  A steam dragon (D:7)
  2 water moccasins (D:6)
  An ice beast (D:6)
  A sky beast (D:6)
  2 black bears
  3 ogres
  A centaur (D:7)
  A kobold brigand (D:8)
  A bullfrog (D:6)
  4 scorpions
  3 howler monkeys
  2 orc priests
  2 hounds
  A jelly (D:4)
  A gnoll shaman (D:4)
  5 iguanas
  5 orc wizards
  3 gnolls (D:4)
  6 adders
  3 white imps
  4 ufetubi
  2 worms
  4 dart slugs
  28 orcs
  5 bats
  9 endoplasms
  3 giant cockroaches
  5 goblins
  6 hobgoblins
  8 jackals (D:1)
  3 quokkas
  11 ball pythons
  2 frilled lizards
  6 kobolds
  3 rats
151 creatures vanquished.

Notes
Turn   | Place    | Note
-------+----------+-------------------------------------------
     0 | D:1      | dolemite99 the Draconian Transmuter began the quest for the
                  | Orb.
     0 | D:1      | Reached XP level 1. HP: 16/16 MP: 3/3
   116 | D:1      | Reached XP level 2. HP: 8/23 MP: 5/5
   663 | D:1      | Learned a level 2 spell: Wereblood
   972 | D:2      | Reached XP level 3. HP: 28/28 MP: 4/6
  1299 | D:2      | Noticed Sigmund
  1312 | D:2      | Learned a level 3 spell: Spider Form
  1327 | D:2      | Killed Sigmund
  1328 | D:2      | Reached XP level 4. HP: 35/35 MP: 7/7
  1328 | D:2      | Reached XP level 5. HP: 40/40 MP: 8/8
  1649 | D:2      | Reached skill level 5 in Unarmed Combat
  1991 | D:2      | Found Gaogou's Jewellery Shoppe.
  2402 | D:2      | Identified a scroll of acquirement
  2403 | D:2      | Acquired 1265 gold pieces
  3377 | D:3      | Found a faded altar of an unknown god.
  3400 | D:3      | Prayed at the altar of an unknown god.
  3400 | D:3      | Became a worshipper of Elyvilon the Healer
  3400 | D:3      | Reached * piety under Elyvilon
  3544 | D:3      | Found Ritzoini's General Store.
  3550 | D:3      | Bought an amulet of guardian spirit for 420 gold pieces
  3555 | D:3      | Bought a scroll of fog for 28 gold pieces
  3555 | D:3      | Bought a scroll of teleportation for 42 gold pieces
  3555 | D:3      | Bought 4 silver javelins for 134 gold pieces
  3555 | D:3      | Bought a +1 hat for 154 gold pieces
  3567 | D:3      | Reached XP level 6. HP: 44/47 MP: 6/9
  3854 | D:2      | Bought a ring of poison resistance for 260 gold pieces
  4658 | D:4      | Found a broken altar of Ashenzari.
  4676 | D:4      | Reached skill level 5 in Transmutations
  5561 | D:4      | Your scales start taking on an icy white colour.
  5561 | D:4      | Reached XP level 7. HP: 35/52 MP: 4/10
  5561 | D:4      | Gained mutation: Your flesh is cold resistant. (rC+) [White
                  | Draconian growth]
  5726 | D:4      | Learned a level 4 spell: Ice Form
  5813 | D:4      | Reached skill level 1 in Ice Magic
  6001 | D:5      | Entered Level 5 of the Dungeon
  6155 | D:5      | Reached ** piety under Elyvilon
  6237 | D:5      | Reached skill level 2 in Ice Magic
  6292 | D:5      | Found the +8 trident of the Octopus King {venom, rElec
                  | rPois}
  6619 | D:5      | Reached skill level 3 in Ice Magic
  6661 | D:5      | Found an ornate altar of the Wu Jian Council.
  6661 | D:5      | Found a sacrificial altar of Ru.
  6664 | D:5      | Found a glowing silver altar of Zin.
  6849 | D:5      | Reached skill level 4 in Ice Magic
  7171 | D:5      | Reached XP level 8. HP: 41/59 MP: 5/11
  7330 | D:6      | Reached skill level 5 in Ice Magic
  7515 | D:6      | Reached skill level 6 in Ice Magic
  7558 | D:6      | Reached *** piety under Elyvilon
  7858 | D:6      | Reached skill level 7 in Ice Magic
  8148 | D:6      | Found a staircase to the Ecumenical Temple.
  8292 | D:6      | Reached skill level 8 in Ice Magic
  8294 | D:6      | Found a snail-covered altar of Cheibriados.
  8428 | Temple   | Entered the Ecumenical Temple
  8517 | Temple   | Fell from the grace of Elyvilon
  8517 | Temple   | Became a worshipper of Gozag Ym Sagoz the Greedy
  8886 | D:7      | Found Baod's Magic Scroll Shoppe.
  9241 | D:7      | Bought 3 scrolls of teleportation for 117 gold pieces
  9241 | D:7      | Bought a scroll of poison for 45 gold pieces
  9241 | D:7      | Bought 3 scrolls of identify for 78 gold pieces
  9241 | D:7      | Bought a scroll of teleportation for 39 gold pieces
  9241 | D:7      | Bought a scroll of identify for 26 gold pieces
  9241 | D:7      | Bought a scroll of vulnerability for 97 gold pieces
  9410 | D:7      | Reached skill level 9 in Ice Magic
  9410 | D:7      | Reached XP level 9. HP: 64/64 MP: 7/12
 10352 | D:8      | Found a hazy altar of Hepliaklqana.
 10377 | D:8      | Noticed a two-headed ogre
 10385 | D:8      | Killed a two-headed ogre
 10386 | D:8      | Reached skill level 10 in Ice Magic
 11209 | D:8      | Found Iceuw's Book Emporium.
 11238 | D:8      | Reached skill level 11 in Ice Magic
 11343 | D:8      | HP: 2/76 [steam dragon] (5)]
 11344 | D:8      | Engulfed by a steam dragon's steam

Illustrated notes

Levels and vault maps discovered:
D:1:      psy_arrival_dodecagon, layout_rooms
D:2:      layout_basic, serial_shops, nicolae_lakefront_shop, uniq_sigmund
D:3:      layout_loops_ring, ebering_ecumenical_altar_box, serial_shops, shop
D:4:      layout_basic, cheibrodos_ashenzari_chains
D:5:      layout_basic, grunt_temple_overflow_open
D:6:      layout_basic, marbit_many_paths, lemuel_temple_firewalk_b
D:7:      layout_loops_corners, kennysheep_windowed_goal
D:8:      layout_basic, mainiacjoe_overflow_concentric_impassable, serial_shops,
          nicolae_diamond_shop, st_stairs_8
Temple:   zaba_magenta_temple

Skill      XL: |  1  2  3  4  5  6  7  8  9 |
---------------+----------------------------+-----
Transmutations | 4 5 7 |  7.5
Unarmed Combat | 4 5 6 7 |  7.6
Ice Magic      | 4 9 11 | 11.2
Fighting       | |  1.1
Dodging        | |  1.7
Spellcasting   | |  2.0

Action                   |  1- 3 |  4- 6 |  7- 9 || total
-------------------------+-------+-------+-------++-------
Melee: Unarmed           |    73 |   155 |   181 ||   409
       Staff             |     7 |       |       ||     7
       Kick              |    10 |    20 |     1 ||    31
       Headbutt          |     4 |    15 |       ||    19
       Punch             |     3 |       |     1 ||     4
       Tailslap          |     6 |    10 |     2 ||    18
Throw: Boomerang         |       |     3 |       ||     3
 Cast: Beastly Appendage |    15 |    31 |     4 ||    50
       Spider Form       |       |     4 |    19 ||    23
       Wereblood         |       |     9 |     1 ||    10
       Ice Form          |       |       |    11 ||    11
 Abil: Breathe Frost     |       |       |     9 ||     9
Evoke: Wand              |       |       |     3 ||     3
  Use: Scroll            |     4 |    11 |     2 ||    17
       Potion            |     1 |     1 |     1 ||     3
 Stab: Sleeping          |       |     1 |       ||     1
Armor: Skin              |    62 |    55 |    38 ||   155
Dodge: Dodged            |    98 |   142 |   176 ||   416

Table legend: (Time is in decaauts)
 A = Elapsed time spent in this place.
 B = Non-inter-level travel time spent in this place.
 C = Inter-level travel time spent in this place.
 D = Time resting spent in this place.
 E = Time spent auto-exploring this place.
 F = Levels seen in this place.
 G = Mean time per level.
                   A        B        C        D        E       F      G
               +--------+--------+--------+--------+--------+-----+--------+
         Total |  11308 |  10870 |    438 |   4432 |   4562 |   9 | 1256.4 |
       Dungeon |  11201 |  10780 |    421 |   4432 |   4512 |   8 | 1400.1 |
        Temple |    106 |     90 |     16 |      0 |     50 |   1 |  106.0 |
               +--------+--------+--------+--------+--------+-----+--------+

Top non-repeatable levels by time:
     D:2: 1807 daAuts
     D:7: 1740 daAuts
     D:4: 1652 daAuts
     D:3: 1573 daAuts
     D:5: 1274 daAuts
     D:6: 1158 daAuts
     D:8: 1039 daAuts
     D:1: 954 daAuts
  Temple: 106 daAuts
